 Dungeon Crawl Stone Soup version bcrawl-1.27.3 (webtiles) character file.

Game seed: 16405061660341199347

198465 pasperui the Slasher (level 5, -1/45 HPs)
             Began as a Centaur Fighter on Sept 23, 2020.
             Was an Initiate of Okawaru.
             Slain by a hippogriff (3 damage)
             ... on level 3 of the Dungeon.
             The game lasted 00:06:27 (1479 turns).

pasperui the Slasher (Centaur Fighter)              Turns: 1479, Time: 00:06:28

Health: -1/45      AC:  4    Str: 22    XL:     5   Next: 10%
Magic:  5/5        EV:  9    Int: 12    God:    Okawaru [......]
Gold:   263        SH:  1    Dex:  7    Spells: 4/4 levels left

rFire    . . .     SeeInvis .   a - +0 long sword
rCold    . . .     Gourm    +   (no shield)
rNeg     + . .     Faith    .   B - +0 leather armour
rPois    .         Spirit   .   (no helmet)
rElec    .         Reflect  .   (no cloak)
rCorr    .         Harm     .   (no gloves)
MR       .....                  (no barding)
Stlth    ..........             u - amulet of the gourmand
HPRegen  0.15/turn              l - +4 ring of dexterity
MPRegen  0.09/turn              r - ring of Isedous {rN+ Int+4 Dex-5 Stlth--} (curse)

@: very quick
A: large, hooves 3, deformed body, herbivore, speed 2, tough skin 3
a: Renounce Religion


You were on level 3 of the Dungeon.
You worshipped Okawaru.
Okawaru was noncommittal.
You were hungry.

You visited 1 branch of the dungeon, and saw 3 of its levels.

You collected 263 gold pieces.

Inventory:

Hand Weapons
 a - a +0 long sword (weapon)
 z - a +0 blowgun
Missiles
 f - 609 sling bullets
 n - 1043 stones (quivered)
 w - 69 javelins
 A - 14 poisoned needles
 C - 295 bolts
Armour
 b - a +0 scale mail
 c - a +0 medium shield
 B - a +0 leather armour (worn)
Jewellery
 l - a +4 ring of dexterity (left hand)
 r - the cursed ring of Isedous (right hand) {rN+ Int+4 Dex-5 Stlth--}
   (You found it on level 2 of the Dungeon)

   [ring of attention]

   It affects your intelligence (+4).
   It affects your dexterity (-5).
   It protects you from negative energy.
   It makes you much less stealthy.
   It has a curse placed upon it.
 u - an amulet of the gourmand (around neck)
 v - an uncursed ring of magical power {unknown}
Scrolls
 j - a scroll of fog
 k - 5 scrolls of teleportation {unknown}
 o - a scroll of amnesia {unknown}
 q - 2 scrolls of magic mapping {unknown}
 t - a scroll of remove curse {unknown}
 x - a scroll of enchant weapon {unknown}
 y - a scroll of enchant armour {unknown}
Potions
 d - 2 potions of might
 g - 2 potions of degeneration {unknown}
 h - 2 potions of curing {unknown}
 i - 2 potions of brilliance {unknown}
 m - 2 potions of heal wounds {unknown}
 p - a potion of haste {unknown}
 s - 3 potions of agility {unknown}
Comestibles
 e - 3 rations {!d}


   Skills:
 - Level 3.2 Fighting
 - Level 5.6 Long Blades
 * Level 1.5 Throwing
 - Level 2.6 Armour
 - Level 2.1 Shields


You had 4 spell levels left.
You didn't know any spells.
Your spell library was empty.

Dungeon Overview and Level Annotations

Branches:
Dungeon (3/12)

Altars:
Makhleb
Okawaru
Ru
Trog
Uskayaw
Vehumet
The Shining One


Innate Abilities, Weirdness & Mutations

You have hooves in place of feet.
Armour fits poorly on your strangely shaped body.
You are a herbivore.
You cover ground very quickly.
You have extremely tough skin. (AC +3)


Message History

Okawaru accepts your kill.
You slash the hippogriff! Your kick misses the hippogriff.
The hippogriff is lightly wounded.
The hippogriff barely misses you.
The hippogriff pecks you but does no damage.
The hippogriff claws you.
You hit the hippogriff but do no damage.
You kick the hippogriff.
The hippogriff is moderately wounded.
The hippogriff closely misses you. The hippogriff pecks you.
The hippogriff claws you. The hippogriff bites you! The hippogriff pecks you.
The hippogriff claws you!
* * * LOW HITPOINT WARNING * * *
You closely miss the hippogriff.
You kick the hippogriff, but do no damage.
The hippogriff is moderately wounded.
The hippogriff bites you!
* * * LOW HITPOINT WARNING * * *
The hippogriff closely misses you. The hippogriff claws you.
You die...

#.......# .# #.......#
.# #.......# .#
##.....######.#
#.............#
#.#...######..# #.#..##
#..# #.#..#######..#
#..#.H@.....#
#..#.#####.############
#..#....##.##..........
#..#$H..##.##.......##.
#..........##..####.##.
.........##..# #.##.
..$.......##..# #.)..
#..##...#####..# ####.
#..# ...# #..# #.


You could see a hippogriff.

Vanquished Creatures
  Jessica (D:2)
  A worker ant (D:3)
  2 adders (D:3)
  2 oozes (D:1)
  4 worms
  A dart slug (D:1)
  A leopard gecko (D:3)
  An orc (D:3)
  A bat (D:3)
  2 giant cockroaches (D:1)
  11 hobgoblins
  4 jackals
  A quokka (D:3)
  3 frilled lizards (D:1)
  4 goblins
  11 kobolds
  9 rats
59 creatures vanquished.

Notes
Turn   | Place    | Note
-------+----------+-------------------------------------------
     0 | D:1      | pasperui the Centaur Fighter began the quest for the Orb.
     0 | D:1      | Reached XP level 1. HP: 19/19 MP: 1/1
   128 | D:1      | Reached skill level 3 in Long Blades
   128 | D:1      | Reached XP level 2. HP: 17/26 MP: 2/2
   392 | D:1      | Reached XP level 3. HP: 27/31 MP: 3/3
   406 | D:1      | Reached skill level 4 in Long Blades
   662 | D:2      | Got a shimmering marble ring
   672 | D:2      | Noticed Jessica
   681 | D:2      | Killed Jessica
   681 | D:2      | Reached XP level 4. HP: 30/38 MP: 4/4
   688 | D:2      | Identified the cursed ring of Isedous {rN+ Int+4 Dex-5
                  | Stlth--} (You found it on level 2 of the Dungeon)
   770 | D:2      | Found a glowing golden altar of the Shining One.
   771 | D:2      | Found a sacrificial altar of Ru.
   771 | D:2      | Found a bloodstained altar of Trog.
   771 | D:2      | Found an iron altar of Okawaru.
   780 | D:2      | Found a radiant altar of Vehumet.
   780 | D:2      | Found a hide-covered altar of Uskayaw.
   794 | D:2      | Became a worshipper of Warmaster Okawaru
   885 | D:2      | Found a burning altar of Makhleb.
   885 | D:2      | Noticed an Executioner
   952 | D:3      | Reached skill level 5 in Long Blades
  1343 | D:3      | Reached skill level 1 in Throwing
  1343 | D:3      | Reached XP level 5. HP: 45/45 MP: 5/5
  1464 | D:3      | Noticed a hippogriff
  1479 | D:3      | HP: 2/45 [hippogriff (8)]
  1479 | D:3      | Slain by a hippogriff

Skill      XL: |  1  2  3  4 |
---------------+-------------+-----
Long Blades    | 3 4 5 |  5.6
Throwing       | 1 |  1.5
Fighting       | |  3.2
Armour         | |  2.6
Shields        | |  2.1

Action                   |  1- 3 |  4- 6 || total
-------------------------+-------+-------++-------
Melee: Long sword        |    79 |    85 ||   164
       Kick              |    12 |    19 ||    31
  Use: Scroll            |       |     1 ||     1
  Eat: Ration            |       |     1 ||     1
Armor: Scale mail        |    31 |    41 ||    72
       Leather armour    |       |     2 ||     2
Dodge: Dodged            |    17 |    36 ||    53
Block: Medium shield     |     1 |       ||     1
       Other             |       |     1 ||     1
